![]() |
![]() |
![]() |
html PUBLIC "-//W3C//DTD XHTML 1.0 Transitional//EN" "http://www.w3.org/TR/xhtml1/DTD/xhtml1-transitional.dtd">
SEATTLE GRUNGE vs CALGARY FIREMENCreated - 14 février 2025 at 17:44
1st period
1. CALGARY FIREMEN , Jack Drury 5 (Cody Glass 7, Michael McCarron 8) at 7:02
2. SEATTLE GRUNGE , Sean Monahan 20 (Alexandre Carrier 7) at 7:24 3. CALGARY FIREMEN , Rasmus Sandin 8 (Ryan Johansen 6, Jack Drury 8) at 12:09 (PP) Penalties :
Alexandre Carrier (SEA) for Holding (Minor) at 2:20, Juraj Slafkovsky (SEA) for Roughing (Minor) at 10:53, Kaiden Guhle (SEA) for Elbowing (Minor) at 18:34
2nd period
4. SEATTLE GRUNGE , Alexey Toropchenko 1 (Neal Pionk 4, Curtis Lazar 7) at 6:49 (SH)
5. CALGARY FIREMEN , Mason Marchment 12 (Brett Howden 2, Gustav Lindstrom 2) at 15:16 Penalties :
Juraj Slafkovsky (SEA) for Hooking (Minor) at 5:33
3rd period
No Goal
Penalties :
Juraj Slafkovsky (SEA) for Slashing (Minor) at 9:02, Kaiden Guhle (SEA) for Boarding (Minor) at 10:00, Juraj Slafkovsky (SEA) for Holding (Minor) at 18:44
Goalie StatsAlexandar Georgiev (SEA), 35 saves from 38 shots - (0,921), L, 26-20-3, 60:00 minutes
Samuel Ersson (CGY), 26 saves from 28 shots - (0,929), W, 5-10-1, 60:00 minutes
Players Stats for SEATTLE GRUNGEPlayer Name G A P +/- PIM S H SB GA TA FO MP PP MP PK MP ------------------------------------------------------------------------------------ Alexandre Carrier 0 1 1 0 2 1 0 2 0 0 0/0 13:40 0:00 1:13 Alexey Toropchenko 1 0 1 1 0 1 0 0 0 0 0/0 10:13 0:00 6:09 Andrei Kuzmenko 0 0 0 -1 0 5 0 0 0 0 1/2 12:07 0:00 0:12 Brandon Carlo 0 0 0 -1 0 0 2 0 0 0 0/0 22:58 0:00 5:04 Connor Dewar 0 0 0 0 0 0 2 0 0 0 4/12 8:50 0:00 4:46 Curtis Lazar 0 1 1 1 0 0 1 0 0 0 7/15 10:31 0:00 6:27 Jaycob Megna 0 0 0 0 0 0 0 0 0 0 0/0 13:13 0:00 0:45 John Tavares 0 0 0 -1 0 2 0 0 0 0 7/14 14:24 0:00 0:00 Juraj Slafkovsky 0 0 0 1 8 4 3 0 0 0 1/2 18:08 0:00 0:00 Kaiden Guhle 0 0 0 0 4 0 1 1 0 0 0/0 20:44 0:00 2:51 Matvei Michkov 0 0 0 -1 0 1 0 0 0 0 0/1 14:24 0:00 0:00 Neal Pionk 0 1 1 1 0 0 0 1 0 0 0/0 23:33 0:00 5:20 Sean Monahan 1 0 1 1 0 2 0 0 0 0 16/23 18:12 0:00 0:00 T.J. Oshie 0 0 0 -1 0 1 0 0 0 0 0/0 18:39 0:00 4:15 Travis Sanheim 0 0 0 0 0 2 2 2 0 0 0/0 25:49 0:00 7:36 Tyler Seguin 0 0 0 -1 0 1 1 0 0 0 8/11 11:55 0:00 0:00 Warren Foegele 0 0 0 -1 0 2 0 1 0 0 0/0 11:55 0:00 0:00 William Nylander 0 0 0 1 0 6 0 0 0 0 1/2 18:12 0:00 0:00 Players Stats for CALGARY FIREMENPlayer Name G A P +/- PIM S H SB GA TA FO MP PP MP PK MP ------------------------------------------------------------------------------------ Andrew Copp 0 0 0 0 0 4 0 0 0 0 11/19 17:44 1:34 0:00 Brett Howden 0 1 1 0 0 1 1 1 0 0 2/6 7:48 0:00 0:00 Calle Jarnkrok 0 0 0 -1 0 2 1 0 0 0 0/1 21:48 5:38 0:00 Cody Glass 0 1 1 0 0 1 0 0 0 0 13/25 17:33 4:48 0:00 Gustav Lindstrom 0 1 1 2 0 1 0 0 0 0 0/0 18:56 0:38 0:00 Isac Lundestrom 0 0 0 0 0 0 0 0 0 0 0/1 12:35 0:00 0:00 Jack Drury 1 1 2 1 0 5 0 0 0 0 5/9 19:09 5:47 0:00 Jacob Bryson 0 0 0 0 0 0 0 0 0 0 0/0 10:59 1:34 0:00 Jake McCabe 0 0 0 -1 0 7 6 3 0 0 0/0 23:33 4:21 0:00 Kieffer Bellows 0 0 0 0 0 0 0 0 0 0 0/2 7:05 0:00 0:00 Logan Stankoven 0 0 0 0 0 1 0 0 0 0 0/0 12:35 0:00 0:00 Martin Fehervary 0 0 0 -1 0 4 3 2 0 0 0/0 17:53 5:05 0:00 Mason Marchment 1 0 1 0 0 4 1 0 0 0 0/0 7:05 0:00 0:00 Michael McCarron 0 1 1 1 0 2 7 0 0 0 0/2 18:32 5:47 0:00 Rasmus Sandin 1 0 1 -1 0 1 1 1 0 0 0/0 27:02 5:36 0:00 Ryan Graves 0 0 0 1 0 0 0 2 0 0 0/0 20:17 5:36 0:00 Ryan Johansen 0 1 1 0 0 2 1 0 0 0 6/14 17:38 5:03 0:00 Tyler Johnson 0 0 0 -1 0 3 0 0 0 0 0/3 21:48 5:38 0:00 3 Stars
1 - Jack Drury (CGY)
2 - Michael McCarron (CGY) 3 - Mason Marchment (CGY) Power PlaySEATTLE GRUNGE - 0 on 0 Attempt(s) - 0,00%
CALGARY FIREMEN - 1 on 7 Attempt(s) - 14,29%
Penalty KillSEATTLE GRUNGE - 6 on 7 Attempt(s) - 85,71%
- Score 1 goal in Penalty Kill
CALGARY FIREMEN - 0 on 0 Attempt(s) - 0,00%
- Score 0 goal in Penalty Kill
Team StatSEATTLE GRUNGE - Hits : 12 - Faceoff Wins : 45 - Blocked Shots : 7 - Penalty Minutes : 14
CALGARY FIREMEN - Hits : 21 - Faceoff Wins : 37 - Blocked Shots : 9 - Penalty Minutes : 0
Official
Referees : Tom Chmielewski and Beaudry Halkidis
Linesman : Pierre Racicot and Mark Shewchyk Game Notes
Jake McCabe is injured at 12:08 of 3rd period (Torn Left ACL)
FinanceLevel 1 -- Attendance: 6000 (100,00%) -- Ticket Income 870 000 $Level 2 -- Attendance: 5000 (100,00%) -- Ticket Income 550 000 $ Level 3 -- Attendance: 2992 (99,73%) -- Ticket Income 179 520 $ Level 4 -- Attendance: 5000 (100,00%) -- Ticket Income 295 000 $ Luxury Box -- Attendance: 964 (96,40%) -- Ticket Income 279 560 $ Game was played at the Larouche Stadium. Total Attendance: 19956 (99,78%) Total Ticket Income: 2 174 080 $ Other Expense: 21 741 $ Total Income: 2 152 339 $ SEATTLE GRUNGE5 vs 5 Forward Center Left Wing Right Wing Time % Phy DF OF 1 Sean Monahan Juraj Slafkovsky William Nylander 36 1 2 2 2 John Tavares T.J. Oshie Matvei Michkov 30 1 2 2 3 Tyler Seguin Warren Foegele Andrei Kuzmenko 25 1 2 2 4 Connor Dewar Curtis Lazar Alexey Toropchenko 9 1 2 2 5 vs 5 Defense Defense Defense Time % Phy DF OF 1 Travis Sanheim Neal Pionk 40 1 2 2 2 Kaiden Guhle Brandon Carlo 40 1 2 2 3 Jaycob Megna Alexandre Carrier 20 1 2 2 4 Travis Sanheim Neal Pionk 0 1 2 2 PowerPlay Forward Center Left Wing Right Wing Time % Phy DF OF 1 Sean Monahan Matvei Michkov William Nylander 55 1 2 2 2 John Tavares Juraj Slafkovsky Tyler Seguin 45 1 2 2 PowerPlay Defense Defense Defense Time % Phy DF OF 1 Travis Sanheim Neal Pionk 55 1 2 2 2 Kaiden Guhle Alexandre Carrier 45 1 2 2 Penalty Kill 4 Players Forward Center Wing Time % Phy DF OF 1 Curtis Lazar Alexey Toropchenko 55 1 2 2 2 Connor Dewar T.J. Oshie 45 1 2 2 Penalty Kill 4 Players Defense Defense Defense Time % Phy DF OF 1 Travis Sanheim Brandon Carlo 55 1 2 2 2 Kaiden Guhle Neal Pionk 45 1 2 2 Penalty Kill - 3 Players Forward Forward Time % Phy DF OF 1 Curtis Lazar 55 1 2 2 2 Connor Dewar 45 1 2 2 Penalty Kill - 3 Players Defense Defense Defense Time % Phy DF OF 1 Travis Sanheim Alexandre Carrier 55 1 2 2 2 Kaiden Guhle Jaycob Megna 45 1 2 2 4 vs 4 Forward Center Wing Time % Phy DF OF 1 William Nylander John Tavares 55 1 2 2 2 Sean Monahan Tyler Seguin 45 1 2 2 4 vs 4 Defense Defense Defense Time % Phy DF OF 1 Travis Sanheim Neal Pionk 55 1 2 2 2 Kaiden Guhle Brandon Carlo 45 1 2 2 Last Minutes Offensive Center Left Wing Right Wing Defense Defense William Nylander John Tavares Tyler Seguin Travis Sanheim Neal Pionk Last Minutes Defensive Center Left Wing Right Wing Defense Defense William Nylander John Tavares Tyler Seguin Travis Sanheim Neal Pionk Goaltenders Starting : Alexandar Georgiev Backup : Casey DeSmith Extra Forwards Normal : Warren Foegele, Curtis Lazar, Andrei Kuzmenko - PP : Warren Foegele, Curtis Lazar - PK : Andrei Kuzmenko Extra Defensemen Normal : Alexandre Carrier, Travis Sanheim, Kaiden Guhle - PP : Alexandre Carrier - PK : Travis Sanheim, Kaiden Guhle Penalty Shots William Nylander, John Tavares, Sean Monahan, Tyler Seguin, Matvei Michkov Custom OT Lines Forwards William Nylander, John Tavares, Sean Monahan, Tyler Seguin, Juraj Slafkovsky, Alexey Toropchenko, Warren Foegele, Curtis Lazar, Andrei Kuzmenko, Matvei Michkov Custom OT Lines Defensemen Travis Sanheim, Neal Pionk, Kaiden Guhle, Brandon Carlo, Alexandre Carrier Scratches Jani Hakanpaa (Back Spasms Injury), Morgan Geekie (Bruised Right Foot Injury), Tyler Myers (Lacerated Right Calf Injury) CALGARY FIREMEN5 vs 5 Forward Center Left Wing Right Wing Time % Phy DF OF 1 Andrew Copp Tyler Johnson Calle Jarnkrok 36 1 2 2 2 Cody Glass Jack Drury Michael McCarron 31 1 2 2 3 Ryan Johansen Isac Lundestrom Logan Stankoven 23 1 2 2 4 Brett Howden Kieffer Bellows Mason Marchment 10 1 2 2 5 vs 5 Defense Defense Defense Time % Phy DF OF 1 Jake McCabe Gustav Lindstrom 36 1 2 2 2 Rasmus Sandin Ryan Graves 31 1 2 2 3 Martin Fehervary Rasmus Sandin 23 1 2 2 4 Jacob Bryson Jake McCabe 10 1 2 2 PowerPlay Forward Center Left Wing Right Wing Time % Phy DF OF 1 Cody Glass Tyler Johnson Calle Jarnkrok 55 1 2 2 2 Jack Drury Ryan Johansen Michael McCarron 45 1 2 2 PowerPlay Defense Defense Defense Time % Phy DF OF 1 Jake McCabe Martin Fehervary 55 1 2 2 2 Rasmus Sandin Ryan Graves 45 1 2 2 Penalty Kill 4 Players Forward Center Wing Time % Phy DF OF 1 Ryan Johansen Jack Drury 55 1 2 2 2 Tyler Johnson Calle Jarnkrok 45 1 2 2 Penalty Kill 4 Players Defense Defense Defense Time % Phy DF OF 1 Jake McCabe Gustav Lindstrom 55 1 2 2 2 Rasmus Sandin Ryan Graves 45 1 2 2 Penalty Kill - 3 Players Forward Forward Time % Phy DF OF 1 Calle Jarnkrok 55 1 2 2 2 Ryan Johansen 45 1 2 2 Penalty Kill - 3 Players Defense Defense Defense Time % Phy DF OF 1 Jake McCabe Martin Fehervary 55 1 2 2 2 Rasmus Sandin Ryan Graves 45 1 2 2 4 vs 4 Forward Center Wing Time % Phy DF OF 1 Ryan Johansen Cody Glass 55 1 2 2 2 Tyler Johnson Calle Jarnkrok 45 1 2 2 4 vs 4 Defense Defense Defense Time % Phy DF OF 1 Jake McCabe Jacob Bryson 55 1 2 2 2 Rasmus Sandin Ryan Graves 45 1 2 2 Last Minutes Offensive Center Left Wing Right Wing Defense Defense Andrew Copp Tyler Johnson Calle Jarnkrok Jake McCabe Gustav Lindstrom Last Minutes Defensive Center Left Wing Right Wing Defense Defense Andrew Copp Tyler Johnson Calle Jarnkrok Jake McCabe Gustav Lindstrom Goaltenders Starting : Samuel Ersson Backup : Marc-Andre Fleury Extra Forwards Normal : Jack Drury, Cody Glass, Ryan Johansen - PP : Jack Drury, Cody Glass - PK : Ryan Johansen Extra Defensemen Normal : Martin Fehervary, Jake McCabe, Jacob Bryson - PP : Martin Fehervary - PK : Jake McCabe, Jacob Bryson Penalty Shots Michael McCarron, Cody Glass, Jack Drury, Calle Jarnkrok, Ryan Johansen Custom OT Lines Forwards Andrew Copp, Tyler Johnson, Logan Stankoven, Calle Jarnkrok, Ryan Johansen, Brett Howden, Michael McCarron, Cody Glass, Jack Drury, Isac Lundestrom Custom OT Lines Defensemen Jake McCabe, Gustav Lindstrom, Rasmus Sandin, Ryan Graves, Martin Fehervary Scratches Evgeny Kuznetsov (Broken Ribs Injury), Jared Spurgeon (Exhaustion), Liam Foudy (Healthy), Yakov Trenin (Left Foot Injury)
Play-by-Play1st period0:01 of 1st period - Sean Monahan wins face-off versus Tyler Johnson in neutral zone. 0:28 of 1st period - Shot by Tyler Johnson. 0:28 of 1st period - Deflect By Andrew Copp. 0:28 of 1st period - Stopped by Alexandar Georgiev with a rebound. 0:30 of 1st period - Shot by Jake McCabe. 0:30 of 1st period - Stopped by Alexandar Georgiev without a rebound. 0:31 of 1st period - Cody Glass wins face-off versus John Tavares in SEATTLE GRUNGE zone. 0:40 of 1st period - Shot by Michael McCarron. 0:40 of 1st period - Stopped by Alexandar Georgiev with a rebound. 1:01 of 1st period - Shot by Cody Glass. 1:01 of 1st period - Shot Misses the Net. 1:03 of 1st period - Shot by Michael McCarron. 1:03 of 1st period - Shot Misses the Net. 1:07 of 1st period - Shot by Cody Glass. 1:07 of 1st period - Shot Misses the Net. 1:41 of 1st period - Shot by Andrei Kuzmenko. 1:41 of 1st period - Stopped by Samuel Ersson without a rebound. 1:42 of 1st period - Connor Dewar wins face-off versus Kieffer Bellows in CALGARY FIREMEN zone. 1:56 of 1st period - Shot by Brett Howden. 1:56 of 1st period - Shot Hit the Post. 1:58 of 1st period - Shot by Mason Marchment. 1:58 of 1st period - Stopped by Alexandar Georgiev without a rebound. 1:59 of 1st period - Andrew Copp wins face-off versus Tyler Seguin in SEATTLE GRUNGE zone. 2:00 of 1st period - Shot by Calle Jarnkrok. 2:00 of 1st period - Stopped by Alexandar Georgiev without a rebound. 2:01 of 1st period - Tyler Seguin wins face-off versus Andrew Copp in SEATTLE GRUNGE zone. 2:20 of 1st period - Minor Penalty to Alexandre Carrier for Holding. 2:21 of 1st period - Jack Drury wins face-off versus Curtis Lazar in SEATTLE GRUNGE zone. 3:04 of 1st period - Icing by Michael McCarron. 3:05 of 1st period - Jack Drury wins face-off versus Connor Dewar in CALGARY FIREMEN zone. 3:05 of 1st period - Jack Drury is hit by Connor Dewar. 3:41 of 1st period - Shot by Jake McCabe. 3:41 of 1st period - Shot Misses the Net. 3:43 of 1st period - Shot by Calle Jarnkrok. 3:43 of 1st period - Shot Blocked by Travis Sanheim. 3:45 of 1st period - Shot by Tyler Johnson. 3:45 of 1st period - Shot Misses the Net. 3:47 of 1st period - Shot by Cody Glass. 3:47 of 1st period - Deflect By Tyler Johnson. 3:47 of 1st period - Shot Misses the Net. 3:49 of 1st period - Shot by Martin Fehervary. 3:49 of 1st period - Shot Misses the Net. 3:51 of 1st period - Shot by Jake McCabe. 3:51 of 1st period - Stopped by Alexandar Georgiev without a rebound. 3:52 of 1st period - Connor Dewar wins face-off versus Jack Drury in SEATTLE GRUNGE zone. 3:52 of 1st period - Connor Dewar is hit by Michael McCarron. 4:39 of 1st period - Juraj Slafkovsky is hit by Jake McCabe and loses puck. 6:02 of 1st period - Shot by Ryan Johansen. 6:02 of 1st period - Shot Misses the Net. 6:58 of 1st period - Shot by Michael McCarron. 6:58 of 1st period - Shot Misses the Net. 7:00 of 1st period - Shot by Michael McCarron. 7:00 of 1st period - Deflect By Cody Glass. 7:00 of 1st period - Shot Misses the Net. 7:02 of 1st period - Shot by Jack Drury. 7:02 of 1st period - Goal by Jack Drury - SEATTLE GRUNGE : 0 - CALGARY FIREMEN : 1. 7:03 of 1st period - Sean Monahan wins face-off versus Brett Howden in neutral zone. 7:24 of 1st period - Shot by Sean Monahan. 7:24 of 1st period - Goal by Sean Monahan - SEATTLE GRUNGE : 1 - CALGARY FIREMEN : 1. 7:25 of 1st period - Andrew Copp wins face-off versus Connor Dewar in neutral zone. 7:49 of 1st period - Shot by Curtis Lazar. 7:49 of 1st period - Deflect By Alexey Toropchenko. 7:49 of 1st period - Shot Misses the Net. 7:51 of 1st period - Shot by Curtis Lazar. 7:51 of 1st period - Shot Blocked by Ryan Graves. 7:53 of 1st period - Shot by Travis Sanheim. 7:53 of 1st period - Deflect By Curtis Lazar. 7:53 of 1st period - Shot Misses the Net. 7:55 of 1st period - Shot by Curtis Lazar. 7:55 of 1st period - Shot Blocked by Rasmus Sandin. 7:57 of 1st period - Shot by Travis Sanheim. 7:57 of 1st period - Stopped by Samuel Ersson without a rebound. 7:58 of 1st period - Cody Glass wins face-off versus Sean Monahan in CALGARY FIREMEN zone. 8:06 of 1st period - William Nylander is hit by Jake McCabe and loses puck. 8:32 of 1st period - Shot by William Nylander. 8:32 of 1st period - Shot Misses the Net. 8:34 of 1st period - Shot by Juraj Slafkovsky. 8:34 of 1st period - Shot Blocked by Jake McCabe. 8:39 of 1st period - William Nylander is hit by Jake McCabe and loses puck. 9:54 of 1st period - Shot by Andrew Copp. 9:54 of 1st period - Stopped by Alexandar Georgiev without a rebound. 9:55 of 1st period - Ryan Johansen wins face-off versus Connor Dewar in SEATTLE GRUNGE zone. 9:55 of 1st period - Ryan Johansen is hit by Travis Sanheim. 10:53 of 1st period - Minor Penalty to Juraj Slafkovsky for Roughing. 10:54 of 1st period - Andrew Copp wins face-off versus Andrei Kuzmenko in SEATTLE GRUNGE zone. 10:55 of 1st period - Shot by Martin Fehervary. 10:55 of 1st period - Shot Blocked by Travis Sanheim. 10:57 of 1st period - Shot by Martin Fehervary. 10:57 of 1st period - Stopped by Alexandar Georgiev without a rebound. 10:58 of 1st period - Andrei Kuzmenko wins face-off versus Tyler Johnson in SEATTLE GRUNGE zone. 12:09 of 1st period - Shot by Rasmus Sandin. 12:09 of 1st period - Goal by Rasmus Sandin - SEATTLE GRUNGE : 1 - CALGARY FIREMEN : 2. 12:10 of 1st period - Sean Monahan wins face-off versus Brett Howden in neutral zone. 12:13 of 1st period - Shot by William Nylander. 12:13 of 1st period - Stopped by Samuel Ersson without a rebound. 12:14 of 1st period - Sean Monahan wins face-off versus Kieffer Bellows in CALGARY FIREMEN zone. 12:14 of 1st period - Sean Monahan is hit by Jake McCabe. 12:20 of 1st period - Shot by Juraj Slafkovsky. 12:20 of 1st period - Stopped by Samuel Ersson with a rebound. 12:23 of 1st period - William Nylander is hit by Jake McCabe and loses puck. 15:30 of 1st period - Shot by Isac Lundestrom. 15:30 of 1st period - Shot Misses the Net. 15:32 of 1st period - Shot by Isac Lundestrom. 15:32 of 1st period - Deflect By Logan Stankoven. 15:32 of 1st period - Stopped by Alexandar Georgiev without a rebound. 15:33 of 1st period - Brett Howden wins face-off versus Sean Monahan in SEATTLE GRUNGE zone. 15:46 of 1st period - Shot by Mason Marchment. 15:46 of 1st period - Stopped by Alexandar Georgiev without a rebound. 15:47 of 1st period - Ryan Johansen wins face-off versus John Tavares in SEATTLE GRUNGE zone. 16:09 of 1st period - Shot by T.J. Oshie. 16:09 of 1st period - Shot Blocked by Jake McCabe. 16:18 of 1st period - Icing by Logan Stankoven. 16:19 of 1st period - Sean Monahan wins face-off versus Ryan Johansen in CALGARY FIREMEN zone. 17:23 of 1st period - Shot by Matvei Michkov. 17:23 of 1st period - Shot Misses the Net. 18:15 of 1st period - Shot by Tyler Seguin. 18:15 of 1st period - Stopped by Samuel Ersson without a rebound. 18:16 of 1st period - Cody Glass wins face-off versus Connor Dewar in CALGARY FIREMEN zone. 18:16 of 1st period - Jack Drury is hit by Curtis Lazar. 18:34 of 1st period - Minor Penalty to Kaiden Guhle for Elbowing. 18:35 of 1st period - Jack Drury wins face-off versus Curtis Lazar in SEATTLE GRUNGE zone. 18:52 of 1st period - Shot by Ryan Johansen. 18:52 of 1st period - Stopped by Alexandar Georgiev with a rebound. 18:54 of 1st period - Shot by Martin Fehervary. 18:54 of 1st period - Stopped by Alexandar Georgiev with a rebound. 18:56 of 1st period - Shot by Martin Fehervary. 18:56 of 1st period - Stopped by Alexandar Georgiev without a rebound. 18:57 of 1st period - Connor Dewar wins face-off versus Jack Drury in SEATTLE GRUNGE zone. 18:57 of 1st period - Connor Dewar is hit by Ryan Johansen. 19:04 of 1st period - Icing by Jake McCabe. 19:05 of 1st period - Connor Dewar wins face-off versus Jack Drury in CALGARY FIREMEN zone. 19:13 of 1st period - Off-side. 19:14 of 1st period - Curtis Lazar wins face-off versus Cody Glass in neutral zone. 19:25 of 1st period - Shot by Calle Jarnkrok. 19:25 of 1st period - Shot Misses the Net. 19:27 of 1st period - Shot by Calle Jarnkrok. 19:27 of 1st period - Stopped by Alexandar Georgiev without a rebound. 19:28 of 1st period - Jack Drury wins face-off versus Curtis Lazar in SEATTLE GRUNGE zone. Goals for this period are 1 for SEATTLE GRUNGE vs 2 for CALGARY FIREMEN. Shots for this period are 6 for SEATTLE GRUNGE vs 16 for CALGARY FIREMEN. 2nd period0:01 of 2nd period - Cody Glass wins face-off versus Curtis Lazar in neutral zone. 0:31 of 2nd period - Shot by Calle Jarnkrok. 0:31 of 2nd period - Shot Misses the Net. 0:33 of 2nd period - Shot by Martin Fehervary. 0:33 of 2nd period - Stopped by Alexandar Georgiev without a rebound. 0:34 of 2nd period - Sean Monahan wins face-off versus Ryan Johansen in SEATTLE GRUNGE zone. 1:23 of 2nd period - Icing by Kaiden Guhle. 1:24 of 2nd period - Sean Monahan wins face-off versus Cody Glass in SEATTLE GRUNGE zone. 1:26 of 2nd period - Juraj Slafkovsky is hit by Michael McCarron and loses puck. 1:39 of 2nd period - Shot by Cody Glass. 1:39 of 2nd period - Stopped by Alexandar Georgiev without a rebound. 1:40 of 2nd period - Tyler Seguin wins face-off versus Andrew Copp in SEATTLE GRUNGE zone. 1:52 of 2nd period - Icing by Jake McCabe. 1:53 of 2nd period - Andrew Copp wins face-off versus John Tavares in CALGARY FIREMEN zone. 2:08 of 2nd period - Shot by Tyler Johnson. 2:08 of 2nd period - Stopped by Alexandar Georgiev without a rebound. 2:09 of 2nd period - Cody Glass wins face-off versus Tyler Seguin in SEATTLE GRUNGE zone. 2:24 of 2nd period - Shot by Andrei Kuzmenko. 2:24 of 2nd period - Stopped by Samuel Ersson without a rebound. 2:25 of 2nd period - Sean Monahan wins face-off versus Andrew Copp in CALGARY FIREMEN zone. 2:33 of 2nd period - Sean Monahan is hit by Jake McCabe and loses puck. 2:37 of 2nd period - Icing by Gustav Lindstrom. 2:38 of 2nd period - Tyler Seguin wins face-off versus Andrew Copp in CALGARY FIREMEN zone. 2:57 of 2nd period - Shot by Jake McCabe. 2:57 of 2nd period - Stopped by Alexandar Georgiev with a rebound. 2:59 of 2nd period - Shot by Gustav Lindstrom. 2:59 of 2nd period - Shot Blocked by Warren Foegele. 3:09 of 2nd period - Shot by Tyler Johnson. 3:09 of 2nd period - Deflect By Andrew Copp. 3:09 of 2nd period - Stopped by Alexandar Georgiev with a rebound. 3:11 of 2nd period - Shot by Gustav Lindstrom. 3:11 of 2nd period - Stopped by Alexandar Georgiev with a rebound. 3:13 of 2nd period - Shot by Andrew Copp. 3:13 of 2nd period - Stopped by Alexandar Georgiev without a rebound. 3:14 of 2nd period - John Tavares wins face-off versus Cody Glass in SEATTLE GRUNGE zone. 3:14 of 2nd period - John Tavares is hit by Michael McCarron. 3:32 of 2nd period - Shot by Cody Glass. 3:32 of 2nd period - Shot Misses the Net. 3:43 of 2nd period - Matvei Michkov is hit by Martin Fehervary and loses puck. 3:53 of 2nd period - Icing by Michael McCarron. 3:54 of 2nd period - Sean Monahan wins face-off versus Cody Glass in CALGARY FIREMEN zone. 3:54 of 2nd period - William Nylander is hit by Martin Fehervary and loses puck. 4:03 of 2nd period - Shot by William Nylander. 4:03 of 2nd period - Stopped by Samuel Ersson without a rebound. 4:04 of 2nd period - Andrew Copp wins face-off versus William Nylander in CALGARY FIREMEN zone. 4:11 of 2nd period - Shot by William Nylander. 4:11 of 2nd period - Stopped by Samuel Ersson without a rebound. 4:12 of 2nd period - Andrew Copp wins face-off versus Juraj Slafkovsky in CALGARY FIREMEN zone. 4:12 of 2nd period - Andrew Copp is hit by Juraj Slafkovsky. 4:30 of 2nd period - Shot by Juraj Slafkovsky. 4:30 of 2nd period - Stopped by Samuel Ersson without a rebound. 4:31 of 2nd period - Tyler Seguin wins face-off versus Ryan Johansen in CALGARY FIREMEN zone. 4:38 of 2nd period - Shot by Tyler Seguin. 4:38 of 2nd period - Deflect By Andrei Kuzmenko. 4:38 of 2nd period - Shot Blocked by Ryan Graves. 4:48 of 2nd period - Ryan Graves is hit by Tyler Seguin and loses puck. 4:57 of 2nd period - Shot by Tyler Seguin. 4:57 of 2nd period - Deflect By Andrei Kuzmenko. 4:57 of 2nd period - Shot Misses the Net. 5:12 of 2nd period - Shot by Warren Foegele. 5:12 of 2nd period - Stopped by Samuel Ersson without a rebound. 5:13 of 2nd period - Sean Monahan wins face-off versus Cody Glass in CALGARY FIREMEN zone. 5:33 of 2nd period - Minor Penalty to Juraj Slafkovsky for Hooking. 5:34 of 2nd period - Curtis Lazar wins face-off versus Cody Glass in SEATTLE GRUNGE zone. 5:51 of 2nd period - Shot by Jake McCabe. 5:51 of 2nd period - Stopped by Alexandar Georgiev with a rebound. 5:53 of 2nd period - Shot by Jake McCabe. 5:53 of 2nd period - Stopped by Alexandar Georgiev without a rebound. 5:54 of 2nd period - Ryan Johansen wins face-off versus Curtis Lazar in SEATTLE GRUNGE zone. 6:05 of 2nd period - Shot by Michael McCarron. 6:05 of 2nd period - Shot Misses the Net. 6:07 of 2nd period - Shot by Jack Drury. 6:07 of 2nd period - Stopped by Alexandar Georgiev without a rebound. 6:08 of 2nd period - Curtis Lazar wins face-off versus Cody Glass in SEATTLE GRUNGE zone. 6:49 of 2nd period - Shot by Alexey Toropchenko. 6:49 of 2nd period - Goal by Alexey Toropchenko - SEATTLE GRUNGE : 2 - CALGARY FIREMEN : 2. 6:50 of 2nd period - Jack Drury wins face-off versus Connor Dewar in neutral zone. 7:07 of 2nd period - Shot by Rasmus Sandin. 7:07 of 2nd period - Shot Misses the Net. 8:31 of 2nd period - Tyler Seguin is hit by Mason Marchment. 9:40 of 2nd period - Icing by Travis Sanheim. 9:41 of 2nd period - Tyler Seguin wins face-off versus Cody Glass in SEATTLE GRUNGE zone. 9:41 of 2nd period - Tyler Seguin is hit by Michael McCarron. 10:03 of 2nd period - Shot by John Tavares. 10:03 of 2nd period - Stopped by Samuel Ersson without a rebound. 10:04 of 2nd period - Ryan Johansen wins face-off versus Sean Monahan in CALGARY FIREMEN zone. 10:22 of 2nd period - Shot by William Nylander. 10:22 of 2nd period - Stopped by Samuel Ersson without a rebound. 10:23 of 2nd period - John Tavares wins face-off versus Cody Glass in CALGARY FIREMEN zone. 10:51 of 2nd period - Matvei Michkov is hit by Rasmus Sandin and loses puck. 10:56 of 2nd period - Shot by Matvei Michkov. 10:56 of 2nd period - Stopped by Samuel Ersson without a rebound. 10:57 of 2nd period - Sean Monahan wins face-off versus Andrew Copp in CALGARY FIREMEN zone. 11:37 of 2nd period - Shot by William Nylander. 11:37 of 2nd period - Stopped by Samuel Ersson without a rebound. 11:38 of 2nd period - John Tavares wins face-off versus Ryan Johansen in CALGARY FIREMEN zone. 11:39 of 2nd period - Shot by T.J. Oshie. 11:39 of 2nd period - Stopped by Samuel Ersson with a rebound. 11:56 of 2nd period - Icing by Kaiden Guhle. 11:57 of 2nd period - Cody Glass wins face-off versus John Tavares in SEATTLE GRUNGE zone. 12:55 of 2nd period - Shot by Juraj Slafkovsky. 12:55 of 2nd period - Shot Misses the Net. 12:57 of 2nd period - Shot by Travis Sanheim. 12:57 of 2nd period - Shot Misses the Net. 13:29 of 2nd period - Icing by Neal Pionk. 13:30 of 2nd period - William Nylander wins face-off versus Tyler Johnson in SEATTLE GRUNGE zone. 13:35 of 2nd period - Andrew Copp is hit by Juraj Slafkovsky and loses puck. 14:01 of 2nd period - Shot by Andrei Kuzmenko. 14:01 of 2nd period - Stopped by Samuel Ersson without a rebound. 14:02 of 2nd period - John Tavares wins face-off versus Ryan Johansen in CALGARY FIREMEN zone. 14:22 of 2nd period - Isac Lundestrom is hit by Brandon Carlo and loses puck. 14:30 of 2nd period - Logan Stankoven is hit by Brandon Carlo. 14:51 of 2nd period - John Tavares is hit by Brett Howden and loses puck. 15:16 of 2nd period - Shot by Mason Marchment. 15:16 of 2nd period - Goal by Mason Marchment - SEATTLE GRUNGE : 2 - CALGARY FIREMEN : 3. 15:17 of 2nd period - Andrew Copp wins face-off versus Sean Monahan in neutral zone. 15:40 of 2nd period - Shot by Juraj Slafkovsky. 15:40 of 2nd period - Stopped by Samuel Ersson with a rebound. 15:42 of 2nd period - Shot by Travis Sanheim. 15:42 of 2nd period - Stopped by Samuel Ersson without a rebound. 15:43 of 2nd period - Tyler Seguin wins face-off versus Brett Howden in CALGARY FIREMEN zone. 15:52 of 2nd period - Shot by Brett Howden. 15:52 of 2nd period - Shot Misses the Net. 15:54 of 2nd period - Shot by Brett Howden. 15:54 of 2nd period - Shot Misses the Net. 15:56 of 2nd period - Shot by Jake McCabe. 15:56 of 2nd period - Shot Misses the Net. 15:58 of 2nd period - Shot by Brett Howden. 15:58 of 2nd period - Stopped by Alexandar Georgiev with a rebound. 16:00 of 2nd period - Shot by Jake McCabe. 16:00 of 2nd period - Stopped by Alexandar Georgiev with a rebound. 16:02 of 2nd period - Shot by Mason Marchment. 16:02 of 2nd period - Stopped by Alexandar Georgiev without a rebound. 16:03 of 2nd period - John Tavares wins face-off versus Andrew Copp in SEATTLE GRUNGE zone. 16:34 of 2nd period - Icing by Brandon Carlo. 16:35 of 2nd period - John Tavares wins face-off versus Cody Glass in SEATTLE GRUNGE zone. 17:10 of 2nd period - Shot by Michael McCarron. 17:10 of 2nd period - Stopped by Alexandar Georgiev without a rebound. 17:11 of 2nd period - Andrew Copp wins face-off versus Sean Monahan in SEATTLE GRUNGE zone. 17:15 of 2nd period - Icing by Neal Pionk. 17:16 of 2nd period - Juraj Slafkovsky wins face-off versus Andrew Copp in SEATTLE GRUNGE zone. 18:21 of 2nd period - Shot by Alexandre Carrier. 18:21 of 2nd period - Stopped by Samuel Ersson without a rebound. 18:22 of 2nd period - Cody Glass wins face-off versus Matvei Michkov in CALGARY FIREMEN zone. 18:26 of 2nd period - Rasmus Sandin is hit by Kaiden Guhle and loses puck. 18:37 of 2nd period - Shot by John Tavares. 18:37 of 2nd period - Stopped by Samuel Ersson without a rebound. 18:38 of 2nd period - Tyler Seguin wins face-off versus Ryan Johansen in CALGARY FIREMEN zone. 18:52 of 2nd period - Shot by Andrei Kuzmenko. 18:52 of 2nd period - Stopped by Samuel Ersson without a rebound. 18:53 of 2nd period - Sean Monahan wins face-off versus Cody Glass in CALGARY FIREMEN zone. 18:53 of 2nd period - Sean Monahan is hit by Martin Fehervary. Goals for this period are 1 for SEATTLE GRUNGE vs 1 for CALGARY FIREMEN. Shots for this period are 17 for SEATTLE GRUNGE vs 15 for CALGARY FIREMEN. 3rd period0:01 of 3rd period - John Tavares wins face-off versus Andrew Copp in neutral zone. 0:33 of 3rd period - Icing by Brandon Carlo. 0:34 of 3rd period - Cody Glass wins face-off versus John Tavares in SEATTLE GRUNGE zone. 1:00 of 3rd period - Off-side. 1:01 of 3rd period - Tyler Seguin wins face-off versus Ryan Johansen in neutral zone. 1:29 of 3rd period - Shot by Tyler Seguin. 1:29 of 3rd period - Deflect By Warren Foegele. 1:29 of 3rd period - Stopped by Samuel Ersson without a rebound. 1:30 of 3rd period - Andrew Copp wins face-off versus Sean Monahan in CALGARY FIREMEN zone. 1:30 of 3rd period - Andrew Copp is hit by Juraj Slafkovsky. 1:56 of 3rd period - Shot by William Nylander. 1:56 of 3rd period - Shot Misses the Net. 1:58 of 3rd period - Shot by William Nylander. 1:58 of 3rd period - Shot Misses the Net. 3:56 of 3rd period - Icing by Martin Fehervary. 3:57 of 3rd period - Sean Monahan wins face-off versus Isac Lundestrom in CALGARY FIREMEN zone. 4:02 of 3rd period - Shot by Sean Monahan. 4:02 of 3rd period - Stopped by Samuel Ersson without a rebound. 4:03 of 3rd period - Brett Howden wins face-off versus John Tavares in CALGARY FIREMEN zone. 4:27 of 3rd period - Shot by Matvei Michkov. 4:27 of 3rd period - Shot Misses the Net. 5:05 of 3rd period - Shot by William Nylander. 5:05 of 3rd period - Shot Misses the Net. 5:07 of 3rd period - Shot by Alexandre Carrier. 5:07 of 3rd period - Deflect By William Nylander. 5:07 of 3rd period - Stopped by Samuel Ersson without a rebound. 5:08 of 3rd period - Andrew Copp wins face-off versus Connor Dewar in CALGARY FIREMEN zone. 5:38 of 3rd period - Shot by Alexey Toropchenko. 5:38 of 3rd period - Shot Misses the Net. 6:11 of 3rd period - Shot by Jack Drury. 6:11 of 3rd period - Stopped by Alexandar Georgiev without a rebound. 6:12 of 3rd period - Sean Monahan wins face-off versus Ryan Johansen in SEATTLE GRUNGE zone. 6:49 of 3rd period - Shot by Sean Monahan. 6:49 of 3rd period - Shot Blocked by Martin Fehervary. 9:02 of 3rd period - Minor Penalty to Juraj Slafkovsky for Slashing. 9:03 of 3rd period - Cody Glass wins face-off versus Curtis Lazar in SEATTLE GRUNGE zone. 9:04 of 3rd period - Shot by Tyler Johnson. 9:04 of 3rd period - Stopped by Alexandar Georgiev without a rebound. 9:05 of 3rd period - Curtis Lazar wins face-off versus Cody Glass in SEATTLE GRUNGE zone. 9:17 of 3rd period - Off-side. 9:18 of 3rd period - Cody Glass wins face-off versus Curtis Lazar in neutral zone. 9:31 of 3rd period - Shot by Tyler Johnson. 9:31 of 3rd period - Stopped by Alexandar Georgiev without a rebound. 9:32 of 3rd period - Cody Glass wins face-off versus Curtis Lazar in SEATTLE GRUNGE zone. 10:00 of 3rd period - Minor Penalty to Kaiden Guhle for Boarding. 10:01 of 3rd period - Curtis Lazar wins face-off versus Jack Drury in SEATTLE GRUNGE zone. 10:01 of 3rd period - Curtis Lazar is hit by Michael McCarron. 10:15 of 3rd period - Travis Sanheim is hit by Michael McCarron and loses puck. 10:24 of 3rd period - Shot by Michael McCarron. 10:24 of 3rd period - Shot Misses the Net. 10:30 of 3rd period - Shot by Jack Drury. 10:30 of 3rd period - Stopped by Alexandar Georgiev with a rebound. 10:36 of 3rd period - Shot by Andrew Copp. 10:36 of 3rd period - Deflect By Jack Drury. 10:36 of 3rd period - Shot Misses the Net. 11:41 of 3rd period - Shot by Jack Drury. 11:41 of 3rd period - Shot Misses the Net. 11:43 of 3rd period - Shot by Michael McCarron. 11:43 of 3rd period - Deflect By Jack Drury. 11:43 of 3rd period - Shot Misses the Net. 11:45 of 3rd period - Shot by Jack Drury. 11:45 of 3rd period - Shot Misses the Net. 11:47 of 3rd period - Shot by Michael McCarron. 11:47 of 3rd period - Shot Misses the Net. 11:49 of 3rd period - Shot by Michael McCarron. 11:49 of 3rd period - Shot Blocked by Alexandre Carrier. 11:51 of 3rd period - Shot by Jake McCabe. 11:51 of 3rd period - Shot Blocked by Neal Pionk. 11:53 of 3rd period - Shot by Jake McCabe. 11:53 of 3rd period - Stopped by Alexandar Georgiev without a rebound. 11:54 of 3rd period - Curtis Lazar wins face-off versus Calle Jarnkrok in SEATTLE GRUNGE zone. 11:54 of 3rd period - Curtis Lazar is hit by Calle Jarnkrok. 12:06 of 3rd period - Shot by William Nylander. 12:06 of 3rd period - Shot Blocked by Brett Howden. 12:08 of 3rd period - Shot by Juraj Slafkovsky. 12:08 of 3rd period - Shot Blocked by Jake McCabe. 12:08 of 3rd period - Jake McCabe from CALGARY FIREMEN is injured at 12:08 of 3rd period (Torn Left ACL). 12:09 of 3rd period - Sean Monahan wins face-off versus Brett Howden in CALGARY FIREMEN zone. 12:38 of 3rd period - Shot by Juraj Slafkovsky. 12:38 of 3rd period - Shot Blocked by Martin Fehervary. 12:40 of 3rd period - Shot by Juraj Slafkovsky. 12:40 of 3rd period - Stopped by Samuel Ersson without a rebound. 12:41 of 3rd period - Ryan Johansen wins face-off versus John Tavares in CALGARY FIREMEN zone. 12:54 of 3rd period - Icing by Gustav Lindstrom. 12:55 of 3rd period - Ryan Johansen wins face-off versus Tyler Seguin in CALGARY FIREMEN zone. 13:54 of 3rd period - Icing by Kaiden Guhle. 13:55 of 3rd period - Sean Monahan wins face-off versus Michael McCarron in SEATTLE GRUNGE zone. 13:57 of 3rd period - William Nylander is hit by Michael McCarron. 14:34 of 3rd period - Shot by Michael McCarron. 14:34 of 3rd period - Shot Misses the Net. 17:16 of 3rd period - Shot by Tyler Seguin. 17:16 of 3rd period - Deflect By Andrei Kuzmenko. 17:16 of 3rd period - Stopped by Samuel Ersson without a rebound. 17:17 of 3rd period - Cody Glass wins face-off versus Connor Dewar in CALGARY FIREMEN zone. 17:32 of 3rd period - Shot by Alexey Toropchenko. 17:32 of 3rd period - Shot Hit the Post. 17:46 of 3rd period - Shot by Michael McCarron. 17:46 of 3rd period - Shot Blocked by Alexandre Carrier. 18:09 of 3rd period - Shot by Ryan Johansen. 18:09 of 3rd period - Stopped by Alexandar Georgiev without a rebound. 18:10 of 3rd period - Andrew Copp wins face-off versus Sean Monahan in SEATTLE GRUNGE zone. 18:10 of 3rd period - Rasmus Sandin is hit by Travis Sanheim and loses puck. 18:44 of 3rd period - Minor Penalty to Juraj Slafkovsky for Holding. 18:45 of 3rd period - Curtis Lazar wins face-off versus Michael McCarron in SEATTLE GRUNGE zone. 19:10 of 3rd period - Shot by Ryan Johansen. 19:10 of 3rd period - Deflect By Jack Drury. 19:10 of 3rd period - Shot Blocked by Kaiden Guhle. 19:12 of 3rd period - Shot by Jack Drury. 19:12 of 3rd period - Stopped by Alexandar Georgiev without a rebound. 19:13 of 3rd period - Cody Glass wins face-off versus Connor Dewar in SEATTLE GRUNGE zone. 19:32 of 3rd period - Rasmus Sandin is hit by Connor Dewar and loses puck. Goals for this period are 0 for SEATTLE GRUNGE vs 0 for CALGARY FIREMEN. Shots for this period are 5 for SEATTLE GRUNGE vs 7 for CALGARY FIREMEN. Back to the Top |
![]() |
![]() |
![]() |
MATTHEW TKACHUK |
TOM WILSON |
JAKE GUENTZEL |